 Dungeon Sprint DCSS version 0.31-a0-18-gea43df2a32 (webtiles) character file.

Game seed: 10707288502408010862

13182 sircluck the Brawler (level 11, -1/127 HPs)
             Began as a Troll Berserker on May 9, 2023.
             Was the Champion of Trog.
             Engulfed by a cloud of steam (8 damage)
             ... in the Dungeon (Sprint I: "Red Sonja").
             The game lasted 00:05:52 (1132 turns).

sircluck the Brawler (Troll Berserker)              Turns: 1132, Time: 00:05:52

Health: -1/127     AC:  7    Str: 41    XL:     11   Next: 72%
Magic:  10/10      EV: 13    Int:  1    God:    Trog [******]
Gold:   931        SH:  0    Dex:  9    Spells: 10/10 levels left

rFire   . .          .
                       - Unarmed
rCold   + . .        (no shield)
rNeg    . . .        y - +2 robe {rC+}
rPois   .            (helmet restricted)
rElec   .            j - +0 cloak
rCorr   .            (gloves unavailable)
SInv    .            (boots unavailable)
Will    .....        (no amulet)
Stlth   ++           v - +6 ring of strength
HPRegen 1.21/turn    u - +6 ring of strength
MPRegen 0.12/turn

%: no teleportation
@: no status effects
A: large, unfitting armour, claws 3, regeneration 1, shaggy fur 1, tough skin 1,
dopey 1, weak 1
a: Renounce Religion, Berserk, Trog's Hand, Brothers in Arms


You were in the Dungeon.
You worshipped Trog.
Trog was exalted by your worship.
You visited 1 branch You collected 1828 gold pieces.
You spent 897 gold pieces at shops.

Inventory:

Missiles
 i - a stone (quivered)
 l - 4 curare-tipped darts
 r - a throwing net
 t - 7 atropa-tipped darts
Armour
 a - a +0 animal skin
 j - a +0 cloak (worn)
 w - a scarf of invisibility
 y - a +2 robe of cold resistance (worn)
Jewellery
 o - a ring of see invisible
 u - a +6 ring of strength (right claw)
 v - a +6 ring of strength (left claw)
Wands
 b - a wand of flame (20)
 h - a wand of mindburst (20)
Scrolls
 g - 2 scrolls of blinking
 p - 2 scrolls of poison {unknown}
 q - 2 scrolls of identify {unknown}
 s - a scroll of fog {unknown}
 z - a scroll of fear {unknown}
 A - a scroll of summoning {unknown}
Potions
 c - a potion of heal wounds
 d - a potion of haste
 e - 2 potions of magic
 f - a potion of berserk rage
 k - 2 potions of degeneration {unknown}
 m - a potion of lignification {unknown}
 n - 2 potions of curing
 x - a potion of ambrosia {unknown}


   Skills:
 + Level 13.1 Fighting
 + Level 12.6 Dodging
 + Level 3.8 Stealth
 + Level 20.1 Unarmed Combat
 + Level 1.6 Evocations


You had 10 spell levels left.
You didn't know any spells.
Your spell library was empty.

Dungeon Overview and Level Annotations

Branches:
Dungeon (1/1)

Altars:
Cheibriados
Dithmenos
Elyvilon
Fedhas
Gozag
Hepliaklqana
Kikubaaqudgha
Makhleb
Nemelex Xobeh
Okawaru
Qazlal
Ru
Sif Muna
Trog
Uskayaw
Vehumet
Wu Jian
Xom
Yredelemnul
Zin
The Shining One
Jiyva
Lugonu

Shops:
D [?[=*::==[(!?[*=[:*[[


Innate Abilities, Weirdness & Mutations

You are too large for most types of armour.
You have claws for hands.
Your natural rate of healing is unusually fast.
You are covered in fur. (AC +1)
You have tough skin. (AC +1)
You are dopey. (Int -2)
You are weak. (Str -2)


Message History

You are engulfed in a cloud of scalding steam.
There is an open door here.
You are engulfed in a cloud of scalding steam.
You see here 27 gold pieces.
You now have 809 gold pieces (gained 27).
You are engulfed in a cloud of scalding steam.
You are engulfed in a cloud of scalding steam.
You see here 27 gold pieces.
You now have 836 gold pieces (gained 27).
You are engulfed in a cloud of scalding steam.
You now have 863 gold pieces (gained 27).
You are engulfed in a cloud of scalding steam.
There are no items here.
You are engulfed in a cloud of scalding steam.
* * * LOW HITPOINT WARNING * * *
You see here 14 gold pieces.
You now have 877 gold pieces (gained 14).
You are engulfed in a cloud of scalding steam.
* * * LOW HITPOINT WARNING * * *
You are engulfed in a cloud of scalding steam.
* * * LOW HITPOINT WARNING * * *
You see here 27 gold pieces.
You now have 904 gold pieces (gained 27).
You are engulfed in a cloud of scalding steam.
* * * LOW HITPOINT WARNING * * *
You are engulfed in a cloud of scalding steam.
* * * LOW HITPOINT WARNING * * *
You see here 27 gold pieces.
You now have 931 gold pieces (gained 27).
You are engulfed in a cloud of scalding steam.
* * * LOW HITPOINT WARNING * * *
You are engulfed in a cloud of scalding steam.
* * * LOW HITPOINT WARNING * * *
You are engulfed in a cloud of scalding steam.
There is an open door here.
You are engulfed in a cloud of scalding steam.
* * * LOW HITPOINT WARNING * * *
You close the door.
You are engulfed in a cloud of scalding steam.
You die...

#######################
§.§)§§.§§§.§..#§@+§§§§#
§####†§...##§§§§§#$§§§##
.# ##§§§#######+#§.§$§#
.# ###§# ## #$§.§$# ##
#§##$$$# ##.§§$#
#..###$# ###'## ##.#A#$#
#.# . .###$# #+# .#
##..$#


There were no monsters in sight!

Vanquished Creatures
  A hydra (D)
  2 centaur warriors (D)
  Sonja (D)
  A deep troll (D)
  A lindwurm (D)
  An oklob plant (D)
  A shining eye (D)
  4 demonic crawlers (D)
  2 kobold demonologists (D)
  2 unseen horrors (D)
  A hornet (D)
  A slime creature (D)
  Sigmund (D)
  A yak (D)
  13 hogs (D)
  2 redbacks (D)
  4 floating eyes (D)
  An ogre (D)
  7 necrophages (D)
  8 jellies (D)
  Ijyb (D)
56 creatures vanquished.

Vanquished Creatures (collateral kills)
  7 shining eyes (D)
  3 floating eyes (D)
10 creatures vanquished.

Vanquished Creatures (others)
  2 ballistomycete spores (D)
2 creatures vanquished.

Grand Total: 68 creatures vanquished

Notes
Turn   | Place    | Note
-------+----------+-------------------------------------------
     0 | D        | sircluck the Troll Berserker began the quest for the Orb.
     0 | D        | Reached XP level 1. HP: 22/22 MP: 0/0
     1 | D        | Noticed Ijyb
     9 | D        | Killed Ijyb
    10 | D        | Reached skill level 4 in Unarmed Combat
    10 | D        | Reached XP level 2. HP: 27/32 MP: 1/1
    16 | D        | Noticed an ogre
    19 | D        | Killed an ogre
    20 | D        | Reached skill level 5 in Fighting
    20 | D        | Reached skill level 6 in Unarmed Combat
    20 | D        | Reached XP level 3. HP: 19/42 MP: 2/2
    20 | D        | Reached XP level 4. HP: 23/50 MP: 3/3
    56 | D        | Noticed Sigmund
    63 | D        | Killed Sigmund
    63 | D        | Reached ** piety under Trog
    64 | D        | Reached skill level 8 in Unarmed Combat
    64 | D        | Reached XP level 5. HP: 54/61 MP: 4/4
    78 | D        | Found an ornate altar of the Wu Jian Council.
    78 | D        | Found a shimmering blue altar of Sif Muna.
    80 | D        | Found a radiant altar of Vehumet.
    84 | D        | Reached XP level 6. HP: 68/68 MP: 5/5
   111 | D        | Found Peteruv's Jewellery Emporium.
   111 | D        | Found an ancient bone altar of Kikubaaqudgha.
   111 | D        | Found a hazy altar of Hepliaklqana.
   111 | D        | Found a hide-covered altar of Uskayaw.
   111 | D        | Found a basalt altar of Yredelemnul.
   111 | D        | Found an opulent altar of Gozag.
   111 | D        | Found a snail-covered altar of Cheibriados.
   111 | D        | Found a sacrificial altar of Ru.
   111 | D        | Found a shadowy altar of Dithmenos.
   111 | D        | Noticed a yak
   112 | D        | Found a stormy altar of Qazlal.
   112 | D        | Found a blossoming altar of Fedhas.
   112 | D        | Found a bloodstained altar of Trog.
   112 | D        | Found an iron altar of Okawaru.
   112 | D        | Found a glowing golden altar of the Shining One.
   112 | D        | Found a glowing silver altar of Zin.
   112 | D        | Found a white marble altar of Elyvilon.
   115 | D        | Killed a yak
   116 | D        | Reached skill level 9 in Unarmed Combat
   121 | D        | Found a sparkling altar of Nemelex Xobeh.
   136 | D        | Found a burning altar of Makhleb.
   136 | D        | Found a viscous altar of Jiyva.
   136 | D        | Found a shimmering altar of Xom.
   136 | D        | Found a corrupted altar of Lugonu.
   136 | D        | Noticed a slime creature
   142 | D        | Killed a slime creature
   142 | D        | Reached *** piety under Trog
   143 | D        | Reached skill level 10 in Unarmed Combat
   143 | D        | Reached XP level 7. HP: 61/79 MP: 6/6
   172 | D        | Noticed a kobold demonologist
   172 | D        | Noticed a kobold demonologist
   177 | D        | Killed a kobold demonologist
   177 | D        | Reached **** piety under Trog
   178 | D        | Reached skill level 11 in Unarmed Combat
   183 | D        | Noticed a red devil
   184 | D        | Killed a kobold demonologist
   185 | D        | Reached skill level 12 in Unarmed Combat
   185 | D        | Reached XP level 8. HP: 88/91 MP: 7/7
   201 | D        | Noticed Sonja
   213 | D        | Killed Sonja
   214 | D        | Reached skill level 13 in Unarmed Combat
   214 | D        | Reached skill level 1 in Evocations
   334 | D        | Noticed a deep troll
   341 | D        | Killed a deep troll
   342 | D        | Reached skill level 10 in Fighting
   342 | D        | Reached XP level 9. HP: 67/101 MP: 8/8
   373 | D        | Noticed a centaur warrior
   373 | D        | Noticed a centaur warrior
   379 | D        | Killed a centaur warrior
   379 | D        | Reached ***** piety under Trog
   380 | D        | Reached skill level 10 in Dodging
   380 | D        | Reached skill level 14 in Unarmed Combat
   383 | D        | Killed a centaur warrior
   384 | D        | Reached skill level 15 in Unarmed Combat
   447 | D        | Noticed an oklob plant
   452 | D        | Killed an oklob plant
   453 | D        | Reached skill level 1 in Stealth
   453 | D        | Reached XP level 10. HP: 88/111 MP: 9/9
   508 | D        | Reached skill level 16 in Unarmed Combat
   540 | D        | Received a gift from Trog
   587 | D        | Reached ****** piety under Trog
   662 | D        | Paralysed by a floating eye for 4 turns
   671 | D        | Received a gift from Trog
   715 | D        | Found Bytrabb's Jewellery Shoppe.
   715 | D        | Found Uqoist's Book Shop.
   715 | D        | Found Orao's Jewellery Boutique.
   717 | D        | Found Akhoociwin's Antique Armour Emporium.
   717 | D        | Found Posaf's Antique Weapon Shop.
   717 | D        | Found Fueryne's Distillery.
   717 | D        | Found Peniseg's Magic Scroll Boutique.
   717 | D        | Found Betz's Antique Armour Emporium.
   717 | D        | Found Vaogown's General Store.
   717 | D        | Found Ahestep's Jewellery Shoppe.
   719 | D        | Found Ronabeta's Antique Armour Boutique.
   721 | D        | Bought a +6 ring of strength for 360 gold pieces
   721 | D        | Bought a +6 ring of strength for 360 gold pieces
   725 | D        | Found Natwuw's General Store.
   725 | D        | Found Jeodemnicenn's Book Boutique.
   726 | D        | Found Tesekhemp's Armour Emporium.
   777 | D        | Found Rudoxam's Armour Emporium.
   785 | D        | Bought a +2 robe of cold resistance for 177 gold pieces
   808 | D        | Found Uhurhaza's Antique Armour Boutique.
   817 | D        | Noticed a shining eye
   817 | D        | Noticed a shining eye
   817 | D        | Noticed a shining eye
   818 | D        | Noticed a shining eye
   818 | D        | Noticed a shining eye
   818 | D        | Noticed a shining eye
   822 | D        | Paralysed by a floating eye for 2 turns
   823 | D        | Killed a shining eye
   824 | D        | Reached skill level 17 in Unarmed Combat
   824 | D        | Received a gift from Trog
   827 | D        | Killed a shining eye
   827 | D        | Killed a shining eye
   828 | D        | Killed a shining eye
   829 | D        | Killed a shining eye
   829 | D        | Received a gift from Trog
   830 | D        | Reached skill level 18 in Unarmed Combat
   830 | D        | Reached XP level 11. HP: 123/123 MP: 10/10
   830 | D        | Killed a shining eye
   836 | D        | Noticed a shining eye
   836 | D        | Noticed a shining eye
   839 | D        | Gained mutation: You are dopey. (Int -2) [a shining eye]
   841 | D        | Killed a shining eye
   842 | D        | Gained mutation: You are weak. (Str -2) [a shining eye]
   845 | D        | Killed a shining eye
   848 | D        | Found Vapi's Magic Scroll Shoppe.
   848 | D        | Found Helux's Assorted Antiques.
   848 | D        | Found Ifacool's Antique Armour Emporium.
   848 | D        | Found Dosycuc's Book Boutique.
   906 | D        | Received a gift from Trog
   914 | D        | Reached skill level 19 in Unarmed Combat
   976 | D        | Identified the +3 glaive "Nadol" {heavy, rC+}
   994 | D        | Noticed a lindwurm
   999 | D        | Killed a lindwurm
  1027 | D        | Identified the +6 rapier "Vuvagu" {flame, Dex+5} (Trog
                  | gifted it to you in the Dungeon)
  1027 | D        | Received a gift from Trog
  1055 | D        | Noticed a daeva
  1065 | D        | Noticed a 12-headed hydra
  1067 | D        | Killed a 13-headed hydra
  1067 | D        | Received a gift from Trog
  1068 | D        | Reached skill level 20 in Unarmed Combat
  1131 | D        | HP: 6/127 [something (13)]
  1132 | D        | Engulfed by a cloud of steam

Illustrated notes

Levels and vault maps discovered:
D:        dungeon_sprint_1 [red_sonja_temple_1, red_sonja_temple_small_1]

Skill      XL: |  1  2  3  4  5  6  7  8  9 10 11 |
---------------+----------------------------------+-----
Fighting       | 3 5 6 7 8 10 12 13 | 13.1
Dodging        | 3 4 6 7 8 9 10 11 12 | 12.6
Unarmed Combat | 4 6 8 10 12 13 15 18 20 | 20.1
Evocations     | 1 |  1.6
Stealth        | 1 2 3 |  3.8

Action                     |  1- 3 |  4- 6 |  7- 9 | 10-12 || total
---------------------------+-------+-------+-------+-------++-------
  Melee: Unarmed           |     9 |    14 |    35 |   100 ||   158
         Punch             |       |     1 |     2 |    12 ||    15
  Throw: Stone             |       |       |     2 |       ||     2
 Invoke: Berserk           |       |       |     2 |     1 ||     3
         Brothers in Arms  |       |       |       |     2 ||     2
  Evoke: Wand              |     1 |     1 |       |       ||     2
    Use: Potion            |       |       |     1 |       ||     1
   Stab: Sleeping          |       |       |     1 |     2 ||     3
 Armour: Animal skin       |       |     1 |    18 |     8 ||    27
         Robe              |       |       |       |    19 ||    19
  Dodge: Dodged            |     4 |     8 |    22 |    53 ||    87

Table legend: (Time is in decaauts)
 A = Elapsed time spent in this place.
 B = Non-inter-level travel time spent in this place.
 C = Inter-level travel time spent in this place.
 D = Time resting spent in this place.
 E = Time spent auto-exploring this place.
 F = Levels seen in this place.
 G = Mean time per level.
                   A        B        C        D        E       F      G
               +--------+--------+--------+--------+--------+-----+--------+
         Total |   1117 |   1080 |     37 |    177 |    308 |   1 | 1117.0 |
       Dungeon |   1117 |   1080 |     37 |    177 |    308 |   1 | 1117.0 |
               +--------+--------+--------+--------+--------+-----+--------+

Top non-repeatable levels by time:
       D: 1117 daAuts
